Map: Dreamcatcher LE

Players

DeMusliM - Winner!

  • Race: Terran Terran
  • Spawn Location: 5:00

SouLeer

  • Race: Zerg Zerg
  • Spawn Location: 11:00

Event: WCS Valencia 2018

VOD

Have the link to the VOD?

Description

Time

  • Played on: July 12, 2018, 8:17 a.m.
  • Length: 12:45

All games in this series

Show
View Real Time Build Order
Export as new Build Order

DeMusliM Terran - Winner!

Build Orders: Reaper Expand, Mech 

Get SALT Encoding   

  12  0:00  SCV  
  13  0:13  SCV  
  14  0:17  Supply Depot  
  14  0:25  SCV  
  15  0:38  SCV  
  15  0:40  Barracks  
  16  0:44  Refinery  
  16  0:50  SCV  
  17  1:02  SCV  
  18  1:15  SCV  
  19  1:27  Orbital Command, Reaper  
  20  1:40  Command Center  
  20  1:47  Supply Depot  
  20  1:52  SCV  
  21  1:59  Marine  
  22  2:04  SCV  
  22  2:07  Factory  
  23  2:13  Refinery  
  23  2:16  SCV  
  23  2:21  Barracks Reactor  
  24  2:36  SCV  
  25  2:48  SCV  
  25  2:52  Orbital Command  
  24  2:59  Starport  
  24  3:00  SCV  
  24  3:05  Hellion  
  27  3:08  Hellion  
  29  3:15  Barracks Tech Lab  
  29  3:22  SCV  
  29  3:24  SCV  
  27  3:34  SCV  
  27  3:38  SCV  
  29  3:42  Hellion x2  
  29  3:47  Medivac  
  35  3:50  SCV  
  35  3:55  Supply Depot  
  36  3:56  SCV  
  37  4:04  Liberator  
  37  4:05  Armory  
  37  4:06  Hellion  
  39  4:11  Hellion  
  39  4:13  SCV  
  39  4:14  SCV  
  46  4:26  SCV  
  46  4:27  SCV  
  46  4:30  Supply Depot  
  48  4:36  Hellion  
  48  4:37  Hellion  
  52  4:40  SCV  
  52  4:41  SCV  
  52  4:45  Supply Depot  
  54  4:52  SCV  
  55  4:53  SCV  
  55  4:58  Hellion  
  55  4:59  Hellion  
  60  5:03  Supply Depot  
  60  5:04  SCV  
  60  5:05  SCV  
  62  5:08  Banshee  
  65  5:16  SCV  
  65  5:17  SCV  
  67  5:28  SCV  
  67  5:29  SCV  
  67  5:33  Command Center  
  69  5:45  Cyclone x2  
  69  5:47  SCV  
  67  5:51  SCV  
  67  5:55  Banshee  
  64  5:59  SCV  
  64  6:01  Refinery x2  
  64  6:03  SCV  
  58  6:11  SCV, Terran Vehicle Weapons Level 1  
  56  6:14  Armory  
  56  6:15  SCV  
  56  6:17  Hellion  
  56  6:18  Hellion  
  62  6:23  SCV, Factory  
  63  6:27  SCV  
  64  6:35  Supply Depot, SCV  
  64  6:36  Supply Depot  
  64  6:39  SCV  
  66  6:43  Hellion x2  
  66  6:46  Barracks Tech Lab  
  70  6:47  SCV  
  70  6:50  Factory  
  70  6:51  Orbital Command, SCV  
  72  6:55  Starport Reactor  
  72  7:04  SCV x2  
  72  7:05  Hellion x2  
  72  7:07  Terran Vehicle And Ship Armor Level 1  
  78  7:08  Supply Depot  
  78  7:13  Hellion x4  
  78  7:16  SCV x2  
  78  7:21  Siege Tank  
  83  7:24  Orbital Command  
  83  7:28  SCV x2  
  85  7:31  Hellion x2  
  85  7:35  Factory  
  85  7:36  Factory  
  89  7:40  SCV x2  
  89  7:42  Refinery  
  91  7:44  Refinery, Siege Tank  
  94  7:52  SCV x2, Hellion  
  94  7:54  SCV  
  99  7:59  Siege Tank  
  99  8:00  Engineering Bay  
  99  8:04  SCV  
  99  8:05  SCV  
  104  8:06  SCV, Hellion x2  
  104  8:08  Terran Vehicle Weapons Level 2  
  104  8:10  Command Center  
  105  8:16  Supply Depot, SCV  
  105  8:17  Supply Depot, SCV  
  105  8:18  Siege Tank, Supply Depot, SCV  
  105  8:19  Factory Reactor  
  111  8:20  Factory Reactor  
  111  8:21  Factory Tech Lab  
  111  8:22  Hellion  
  113  8:29  SCV  
  113  8:30  SCV  
  113  8:32  SCV  
  116  8:38  Siege Tank, Hellion  
  116  8:39  Supply Depot  
  116  8:40  Supply Depot  
  121  8:41  SCV  
  121  8:42  Supply Depot, SCV  
  121  8:45  Siege Tank, Missile Turret x2, Hellion  
  128  8:55  Siege Tank  
  131  8:59  Supply Depot x2  
  131  9:02  Hellion x2  
  135  9:04  Terran Vehicle And Ship Armor Level 2  
  135  9:10  Siege Tank  
  135  9:12  Hellion x2  
  135  9:17  Siege Tank  
  145  9:19  Viking x2  
  149  9:28  Siege Tank, Hellion  
  154  9:41  Hellion x2  
  154  9:42  Siege Tank  
  158  9:49  Siege Tank  
  158  9:50  Hellion  
  150  9:54  Hellion  
  121  10:00  Siege Tank  
  121  10:05  Hellion  
  113  10:08  SCV x3  
  113  10:09  Planetary Fortress  
  113  10:14  Siege Tank  
  113  10:17  Command Center  
  113  10:20  SCV x3  
  119  10:21  Siege Tank  
  122  10:31  Refinery  
  122  10:32  Sensor Tower, SCV x2, Refinery  
  122  10:33  SCV  
  125  10:38  Siege Tank, Infernal Pre-Igniter  
  128  10:44  SCV  
  128  10:48  Siege Tank  
  128  10:49  Hellion x4  
  140  10:54  Hellion  
  140  10:55  Factory  
  134  11:08  SCV  
  134  11:10  Sensor Tower, Hellion x3  
  134  11:11  Hellion  
  143  11:18  Factory  
  143  11:19  Factory  
  143  11:20  Hellion  
  143  11:21  Hellion x2  
  146  11:31  Hellion  
  146  11:32  Orbital Command, Hellion x3  
  154  11:38  Command Center  
  150  11:41  Factory Tech Lab  
  150  11:42  Siege Tank, Hellion x2  
  155  11:53  Viking x2  
  153  12:03  Siege Tank x3  
  153  12:04  Factory Tech Lab  
  153  12:05  Factory Reactor  
  153  12:07  Command Center  
  162  12:13  Hellion x4  
Show
View Real Time Build Order
Export as new Build Order

SouLeer Zerg 

Build Orders: Pool First 

Get SALT Encoding   

  12  0:08  Overlord  
  12  0:12  Drone  
  13  0:23  Drone  
  13  0:26  Drone  
  15  0:30  Drone  
  16  0:38  Extractor  
  16  0:41  Drone  
  16  0:48  Spawning Pool  
  15  0:52  Drone  
  16  1:15  Hatchery  
  15  1:20  Drone  
  16  1:35  Zergling x6  
  19  1:41  Metabolic Boost  
  19  1:46  Zergling x2  
  20  1:52  Queen  
  22  1:59  Overlord  
  22  2:18  Zergling x2  
  22  2:20  Zergling x2  
  24  2:28  Queen  
  24  2:29  Zergling x4  
  28  2:39  Drone x2  
  29  2:49  Drone  
  29  2:52  Drone  
  29  3:04  Drone x2  
  31  3:07  Hatchery  
  30  3:13  Drone x2  
  31  3:22  Drone x2  
  31  3:25  Drone x2  
  32  3:29  Queen  
  32  3:33  Drone x2  
  35  3:35  Overlord  
  35  3:40  Zergling x2  
  36  3:43  Overlord  
  36  3:54  Zergling x4  
  36  3:55  Zergling x2  
  39  3:56  Queen  
  39  3:57  Zergling x2  
  39  3:59  Zergling x2  
  39  4:00  Drone  
  44  4:03  Drone  
  44  4:05  Overlord  
  45  4:10  Queen  
  45  4:15  Drone x2  
  49  4:19  Drone  
  49  4:20  Drone  
  49  4:22  Overlord  
  51  4:24  Drone  
  51  4:27  Drone  
  53  4:32  Roach Warren  
  53  4:34  Extractor  
  53  4:36  Zergling x4  
  53  4:38  Drone  
  53  4:40  Drone  
  53  4:41  Drone  
  53  4:44  Drone x2  
  58  4:46  Drone  
  58  4:48  Drone  
  58  4:53  Drone x2  
  58  4:54  Zergling x2  
  60  5:00  Drone  
  60  5:03  Lair  
  60  5:05  Spore Crawler, Extractor  
  61  5:08  Spore Crawler  
  61  5:15  Roach x2  
  61  5:17  Roach  
  64  5:24  Evolution Chamber  
  64  5:26  Roach  
  60  5:29  Zergling x8  
  60  5:33  Zergling x8  
  67  5:37  Zergling x4  
  60  5:43  Roach x3  
  60  5:47  Roach x2  
  57  5:53  Drone x2  
  51  5:58  Drone  
  52  6:07  Drone  
  51  6:12  Drone x2  
  51  6:15  Drone  
  51  6:17  Overseer  
  54  6:23  Roach  
  56  6:27  Zerg Missile Weapons Level 1  
  56  6:29  Drone  
  57  6:40  Queen  
  57  6:41  Roach x3  
  66  6:47  Roach  
  66  6:50  Overseer  
  66  6:53  Roach  
  68  6:56  Roach  
  68  6:58  Zergling x4  
  72  7:03  Overlord  
  72  7:07  Overlord  
  72  7:13  Spore Crawler  
  70  7:19  Overlord  
  69  7:23  Drone x3  
  69  7:25  Drone x2  
  69  7:28  Drone x2  
  76  7:32  Drone x2  
  76  7:34  Drone x2  
  81  7:41  Queen  
  83  7:46  Ravager x2  
  83  7:47  Ravager x2  
  87  7:52  Roach  
  87  7:54  Overlord x2  
  87  7:56  Overlord  
  87  7:58  Overlord  
  89  8:01  Overlord  
  88  8:06  Glial Reconstitution  
  88  8:07  Overlord  
  88  8:14  Roach x2  
  88  8:16  Roach x2  
  88  8:18  Roach  
  98  8:21  Roach  
  98  8:24  Roach x2  
  104  8:29  Overlord  
  104  8:34  Roach x4  
  112  8:40  Roach x2  
  116  8:43  Overlord  
  115  8:51  Roach x2  
  115  8:52  Roach  
  115  8:53  Overlord  
  121  8:57  Roach  
  123  9:03  Roach x2  
  123  9:06  Roach  
  129  9:13  Roach  
  129  9:14  Roach  
  129  9:15  Overlord x2  
  133  9:18  Roach  
  133  9:23  Overlord  
  135  9:26  Overlord  
  135  9:29  Roach x3  
  135  9:30  Roach  
  143  9:33  Roach  
  143  9:35  Roach  
  147  9:44  Roach x2  
  135  9:57  Roach x4  
  118  10:02  Roach x2  
  118  10:06  Roach  
  96  10:09  Roach  
  93  10:16  Drone x4  
  93  10:17  Drone x4  
  93  10:19  Extractor  
  93  10:20  Extractor  
  99  10:27  Roach x3  
  105  10:31  Roach  
  105  10:32  Hatchery, Roach x2  
  105  10:35  Roach  
  112  10:40  Roach  
  112  10:43  Queen  
  112  10:46  Roach x3  
  112  10:48  Overlord  
  120  10:52  Queen  
  120  10:53  Overlord  
  120  10:56  Overlord  
  122  11:05  Roach x2  
  122  11:06  Roach x2  
  128  11:12  Overlord  
  128  11:14  Overlord  
  128  11:18  Drone x3  
  131  11:24  Drone x5  
  136  11:28  Drone x3  
  136  11:32  Overlord, Extractor  
  138  11:37  Roach x2  
  142  11:41  Roach, Ravager  
  142  11:42  Ravager x2  
  142  11:45  Overlord  
  147  11:48  Drone x2  
  147  11:51  Drone x3  
  152  11:56  Infestation Pit  
  152  11:59  Drone x3  
  152  12:00  Drone  
  152  12:01  Drone  
  156  12:04  Drone x3  
  156  12:06  Drone x2  
  156  12:07  Drone  
  162  12:09  Drone  
  162  12:10  Drone  
  162  12:13  Extractor  
  163  12:17  Evolution Chamber  
  163  12:21  Drone x3  
  157  12:24  Evolution Chamber  
Tags
 
Add a new tag
Caveats
  • Supply blocks, unpowered buildings, or Contaminate may cause inaccurate times.
  • Supply counts are checked every 10 seconds.